 Dungeon Crawl Stone Soup version 0.22-a0-149-g870e420 (webtiles) character file.

165 mortelune the Skirmisher (level 5, -1/43 HPs)
             Began as a Demonspawn Abyssal Knight on Feb 7, 2018.
             Was a Believer of Lugonu.
             Slain by an orc (4 damage)
             ... on level 4 of the Dungeon.
             The game lasted 00:09:33 (4106 turns).

mortelune the Skirmisher (DsAK)                     Turns: 4106, Time: 00:09:33

Health: -1/43      AC:  4    Str: 13    XL:     5   Next: 22%
Magic:  7/7        EV: 11    Int: 13    God:    Lugonu [**....]
Gold:   139        SH:  6    Dex: 13    Spells: 4/4 levels left

rFire    + . .     SeeInvis .   a - +1 falchion
rCold    + . .     Gourm    .   (no shield)
rNeg     . . .     Faith    .   b - +0 leather armour
rPois    +         Spirit   .   (no helmet)
rElec    +         Reflect  +   (no cloak)
rCorr    +         Harm     .   (no gloves)
MR       .....                  (no boots)
Stlth    +.........             d - +6 amulet of reflection
HPRegen  0.14/turn              (no ring)
MPRegen  0.10/turn              (no ring)

@: resistant
A: rugged brown scales 1, powered by pain 1
a: Depart the Abyss, Bend Space, Renounce Religion


You were on level 4 of the Dungeon.
You worshipped Lugonu.
Lugonu was pleased with you.
You were not hungry.

You visited 1 branch of the dungeon, and saw 4 of its levels.
You visited the Abyss 1 time.

You collected 139 gold pieces.

Inventory:

Hand Weapons
 a - a +1 falchion (weapon)
 m - a +0 hand axe
Missiles
 i - 3 steel tomahawks (quivered)
Armour
 b - a +0 leather armour (worn)
Jewellery
 d - a +6 amulet of reflection (around neck)
Scrolls
 e - a scroll of immolation {unknown}
 g - a scroll of teleportation {unknown}
 h - a scroll of blinking {unknown}
 k - a scroll of magic mapping
 l - a scroll of noise {unknown}
 o - a scroll of remove curse {unknown}
 q - a scroll of random uselessness {unknown}
Potions
 f - a potion of brilliance
 j - 2 potions of flight
Comestibles
 c - 12 rations


   Skills:
 + Level 3.9 Fighting
 * Level 3.4 Long Blades
 + Level 2.8 Armour
 - Level 1.3 Dodging
 - Level 3.0 Invocations


You had 4 spell levels left.
You didn't know any spells.

Dungeon Overview and Level Annotations

Branches:
Dungeon (4/15)
 Temple: D:4-7

Altars:

Shops:
D:4 [

Annotations:
D:3 Purgy


Innate Abilities, Weirdness & Mutations

You are partially covered in rugged brown scales. (AC +1, +3% HP)
You sometimes gain a little power by taking damage.


Message History

It was a potion of resistance.
You feel protected. Something hits you but does no damage.
You hit something.
You feel less confused. Something hits you but does no damage.
You barely miss something. The orc hits you but does no damage.
Something hits you but does no damage.
You miss something.
An orc wizard appears from thin air!
Reactivating autopickup.
The orc barely misses you. The orc wizard closely misses you.
You riposte.
You miss the orc wizard.
The orc wizard is moderately wounded.
You don't have enough health at the moment.
Okay, then.
Okay, then.
You hit the orc wizard.
The orc wizard is heavily wounded.
The orc hits you.
You die...

#..# #.# #..# #..
#..# #.. #..# #.#
#..# #.#
#..#####.###
#..........# .#
##.#####.#o####.∩.#.
#.# #.#@ol.......
#>#####.###########
#.......# #########


You could see an orc wizard, an orc and a frilled lizard.

Vanquished Creatures
  A hound (D:3)
  A worker ant (D:2)
  3 adders
  An ooze (D:3)
  An adder skeleton (D:2)
  3 dart slugs (D:1)
  A worm (D:2)
  A leopard gecko (D:2)
  5 orcs
  4 giant cockroaches
  12 goblins
  6 hobgoblins
  2 jackals (D:1)
  9 kobolds
  A quokka (D:2)
  A ball python (D:3)
  4 bats
  6 frilled lizards
  4 rats
66 creatures vanquished.

Notes
Turn   | Place    | Note
-------+----------+-------------------------------------------
     0 | Abyss:1  | mortelune the Demonspawn Abyssal Knight began the quest for the Orb.
     0 | Abyss:1  | Reached XP level 1. HP: 18/18 MP: 2/2
    68 | Abyss:1  | Noticed a wind drake
    68 | Abyss:1  | Noticed an iron imp
    69 | Abyss:1  | Noticed a small abomination
    72 | D:1      | Escaped the Abyss
    84 | D:1      | Reached skill level 1 in Dodging
   144 | D:1      | Reached * piety under Lugonu
   222 | D:1      | Gained mutation: You sometimes gain a little power by taking damage. [demonic ancestry]
   222 | D:1      | Reached XP level 2. HP: 24/24 MP: 4/4
   603 | D:1      | Gained mutation: You are partially covered in rugged brown scales. (AC +1, +3% HP) [demonic ancestry]
   603 | D:1      | Reached XP level 3. HP: 13/29 MP: 5/5
  2092 | D:2      | Reached XP level 4. HP: 33/36 MP: 6/6
  2684 | D:2      | Reached ** piety under Lugonu
  3130 | D:3      | Noticed Purgy
  3288 | D:3      | Reached XP level 5. HP: 10/43 MP: 7/7
  4063 | D:4      | Found Linezun's Antique Armour Boutique.
  4087 | D:4      | HP: 2/43 [something/puff of flame (10)]
  4099 | D:4      | HP: 2/43 [something (4)]
  4106 | D:4      | Slain by an orc

Vault maps used:
D:1:      minmay_arrival_diagonal_passages
D:2:      first_ration
D:3:      uniq_purgy
D:4:      fiery_altar_vehumet, lemuel_temple_firewalk_b, serial_shops,
          nicolae_shop_stone, tgw_kikubaaqudgha

Skill      XL: |  1  2  3  4 |
---------------+-------------+-----
Dodging        | 1 |  1.3
Long Blades    | 2 3 |  3.4
Armour         | 2 |  2.8
Invocations    | 3 |  3.0
Fighting       | |  3.9

Action                   |  1- 3 |  4- 6 || total
-------------------------+-------+-------++-------
Melee: Falchion          |    95 |   123 ||   218
Throw: Tomahawk          |     8 |     4 ||    12
Invok: Depart the Abyss  |     1 |       ||     1
  Use: Scroll            |       |     4 ||     4
       Potion            |       |     4 ||     4
  Eat: Chunk             |     3 |     5 ||     8
       Ration            |       |     1 ||     1
Armor: Leather armour    |    21 |    31 ||    52
       Skin              |       |     9 ||     9
Dodge: Dodged            |    47 |    53 ||   100
Block: Other             |    29 |    38 ||    67
       Reflection        |     2 |     1 ||     3
       Rpst.: Falchion   |    17 |    23 ||    40

Table legend:
 A = Spawn XP
 B = Non-spawn XP
 C = Spawn XP percentage of total XP
 D = Spawn monster count
 E = Non-spawn monster count
 F = Spawn count percentage of total count
 G = Total turns spent on level
                    A         B        C        D         E        F      G
               +---------+---------+-------+---------+---------+-------+---------
         Total |       0 |     237 |   0.0 |       0 |      66 |   0.0 |  4106
               +---------+---------+-------+---------+---------+-------+---------
           D:1 |       0 |      49 |   0.0 |       0 |      27 |   0.0 |  1053
           D:2 |       0 |      87 |   0.0 |       0 |      23 |   0.0 |  2107
           D:3 |       0 |      98 |   0.0 |       0 |      15 |   0.0 |   806
           D:4 |       0 |       3 |   0.0 |       0 |       1 |   0.0 |    68
               +---------+---------+-------+---------+---------+-------+---------
